 Dungeon Crawl Stone Soup version 0.30-a0-972-gf3ab3527aa (webtiles) character file.

Game seed: 1709962952866728238

767 kiwi3s the Trooper (level 7, -3/94 HPs)
             Began as a Minotaur Berserker on Mar 31, 2023.
             Was a Priest of Trog.
             Slain by a killer bee (6 damage)
             ... on level 5 of the Dungeon.
             The game lasted 00:04:41 (3828 turns).

kiwi3s the Trooper (Minotaur Berserker)             Turns: 3828, Time: 00:04:41

Health: -3/94      AC:  5    Str: 24    XL:     7   Next: 52%
Magic:  6/6        EV: 12    Int:  4    God:    Trog [***...]
Gold:   195        SH:  0    Dex:  9    Spells: 6/6 levels left

rFire   . . .      SeeInvis .    o - +2 hand axe (vamp)
rCold   . . .      Faith    .    (no shield)
rNeg    . . .      Spirit   .    h - +0 leather armour
rPois   .          Reflect  .    (helmet restricted)
rElec   .          Rampage  .    s - +0 cloak
rCorr   .                        (no gloves)
Will    .....                    (no boots) Stlth
                                 (no amulet)
HPRegen 0.35/turn                (no ring)
MPRegen 0.10/turn                (no ring)

@: berserking, lethally poisoned (-3 -> -32), very quick
A: horns 2, retaliatory headbutt
a: Renounce Religion, Berserk, Trog's Hand


You were on level 5 of the Dungeon.
You worshipped Trog.
Trog was most pleased with you.
You visited 1 branch of the dungeon, and saw 5 of its levels.

You collected 195 gold pieces.

Inventory:

Hand Weapons
 a - a +0 hand axe
 o - a +2 vampiric hand axe (weapon)
Missiles
 d - 4 javelins (quivered)
 n - 3 boomerangs
Armour
 b - a +0 animal skin
 h - a +0 leather armour (worn)
 s - a +0 cloak (worn)
Jewellery
 x - a ring of willpower
 A - an amulet of magic regeneration
Wands
 p - a wand of charming (4)
 t - a wand of polymorph (10)
Scrolls
 e - a scroll of noise {unknown}
 i - a scroll of summoning {unknown}
 l - 4 scrolls of identify {unknown}
 m - a scroll of fear {unknown}
 v - a scroll of blinking {unknown}
 y - a scroll of silence {unknown}
 B - 3 scrolls of immolation {unknown}
Potions
 c - 3 potions of flight {unknown}
 f - a potion of might {unknown}
 g - 2 potions of berserk rage {unknown}
 j - a potion of heal wounds {unknown}
 k - 6 potions of curing {unknown}
 q - 4 potions of haste
 r - a potion of mutation {unknown}
 u - 2 potions of degeneration {unknown}
 w - a potion of experience {unknown}
 z - a potion of lignification {unknown}


   Skills:
 + Level 6.2 Fighting
 + Level 6.2 Axes
 + Level 5.5 Armour
 + Level 5.0 Dodging


You had 6 spell levels left.
You didn't know any spells.
Your spell library was empty.

Dungeon Overview and Level Annotations

Branches:
Dungeon (5/15)
 Temple: D:4-7

Altars:
Elyvilon
Trog
Wu Jian


Innate Abilities, Weirdness & Mutations

You have a pair of horns on your head.
You reflexively headbutt those who attack you in melee.


Message History

You miss the killer bee. You closely miss the killer bee.
You feel sick.
The killer bee stings you but does no damage.
The killer bee stings you. x2
You are too injured to fight recklessly!
Unknown command.
You miss the killer bee. Your headbutt misses the killer bee.
The killer bee is almost dead.
You slash the killer bee!
You feel better.
You hit the killer bee.
You feel better.
You feel sick. The killer bee stings you. The killer bee stings you!
You are more poisoned.
The killer bee poisons you! The killer bee closely misses you.
The killer bee stings you.
* * * LOW HITPOINT WARNING * * *
You are lethally poisoned!
The killer bee poisons you! The killer bee stings you!
* * * LOW HITPOINT WARNING * * *
You are more poisoned.
The killer bee poisons you! The killer bee stings you.
* * * LOW HITPOINT WARNING * * *
You are more poisoned.
The killer bee poisons you!
You barely miss the killer bee.
The killer bee is almost dead.
You closely miss the killer bee. x2
* * * LOW HITPOINT WARNING * * *
You feel extremely sick.
The killer bee stings you but does no damage. x3
You are too injured to fight recklessly!
Unknown command.
You barely miss the killer bee. You headbutt the killer bee.
You kill the killer bee!
Trog accepts your kill.
You barely miss the killer bee. You slash the killer bee!
You kill the killer bee!
Trog accepts your kill.
* * * LOW HITPOINT WARNING * * *
You feel very sick. The killer bee stings you.
You die...

....##........ .
....#........##.#
..............#.#
...............#
...............##
................#
......†y........#
.....s†@........#
.....####.......#
... ####....## #
##....##
##....#.##
#.........##
.....#...#..##
..#####...#..##
## ##.<#...##


You could see a scorpion and a killer bee.

Vanquished Creatures
  Sigmund (D:2)
  Eustachio (D:5)
  4 killer bees (D:5)
  3 orc priests
  Crazy Yiuf (D:3)
  An orc wizard (D:3)
  Natasha (thrice) (D:3)
  3 gnolls (D:4)
  5 adders
  An ufetubus (D:4)
  A worm (D:2)
  A dart slug (D:1)
  8 orcs
  10 ball pythons
  7 bats
  6 endoplasms
  A giant cockroach (D:4)
  9 goblins
  8 hobgoblins
  2 jackals (D:2)
  2 quokkas
  10 frilled lizards (D:3)
  7 kobolds
  6 rats
101 creatures vanquished.

Vanquished Creatures (others)
  4 plants (D:3)
4 creatures vanquished.

Grand Total: 105 creatures vanquished

Notes
Turn   | Place    | Note
-------+----------+-------------------------------------------
     0 | D:1      | kiwi3s the Minotaur Berserker began the quest for the Orb.
     0 | D:1      | Reached XP level 1. HP: 19/19 MP: 0/0
   194 | D:1      | Reached XP level 2. HP: 27/27 MP: 1/1
   640 | D:1      | Reached ** piety under Trog
  1004 | D:1      | Reached XP level 3. HP: 27/33 MP: 2/2
  1248 | D:2      | Noticed Sigmund
  1257 | D:2      | Killed Sigmund
  1258 | D:2      | Reached XP level 4. HP: 36/41 MP: 3/3
  1258 | D:2      | Reached XP level 5. HP: 42/47 MP: 4/4
  1645 | D:2      | Reached skill level 5 in Fighting
  2036 | D:3      | Found a white marble altar of Elyvilon.
  2040 | D:3      | Reached skill level 5 in Axes
  2047 | D:3      | Reached XP level 6. HP: 56/56 MP: 5/5
  2197 | D:3      | Found a bloodstained altar of Trog.
  2355 | D:3      | Found a runed translucent door.
  2356 | D:3      | Noticed Crazy Yiuf
  2363 | D:3      | Killed Crazy Yiuf
  2452 | D:3      | Found an ornate altar of the Wu Jian Council.
  2597 | D:3      | Noticed Natasha
  2603 | D:3      | Killed Natasha
  2663 | D:3      | Noticed Natasha
  2669 | D:3      | Killed Natasha
  2759 | D:3      | Reached *** piety under Trog
  2875 | D:3      | Noticed Natasha
  2882 | D:3      | Killed Natasha
  3129 | D:4      | Reached XP level 7. HP: 40/62 MP: 6/6
  3247 | D:4      | Reached skill level 5 in Armour
  3294 | D:4      | Found the +2 ratskin cloak {*Rats rPois rN+ Str-1 Int-1
                  | Dex+1}
  3650 | D:5      | Entered Level 5 of the Dungeon
  3650 | D:5      | Noticed Eustachio
  3682 | D:5      | Killed Eustachio
  3824 | D:5      | Reached skill level 5 in Dodging
  3828 | D:5      | HP: 3/94 [poisoned by a killer bee]
  3828 | D:5      | Slain by a killer bee

Illustrated notes

Levels and vault maps discovered:
D:1:      lemuel_arrival_behind_the_door_large, layout_basic
D:2:      layout_basic, uniq_sigmund
D:3:      layout_loops_ring, mainiacjoe_overflow_alcove_2,
          nicolae_overflow_hidden_temple, elyvilon_altar_5, old_standard_altar,
          minmay_lizard_king, uniq_crazy_yiuf_cottage, uniq_natasha
D:4:      cheibrodos_old_hovel, layout_loops_ring
D:5:      layout_layer_cave, minmay_temple_entry_statues, kennysheep_donut,
          uniq_edmund, uniq_blork_the_orc, uniq_eustachio, uniq_grinder

Skill      XL: |  1  2  3  4  5  6  7 |
---------------+----------------------+-----
Fighting       | 4 5 6 |  6.2
Axes           | 4 5 6 |  6.2
Armour         | 3 4 5 |  5.5
Dodging        | 3 4 5 |  5.0

Action                     |  1- 3 |  4- 6 |  7- 9 || total
---------------------------+-------+-------+-------++-------
  Melee: Hand axe          |    49 |   128 |    46 ||   223
         Headbutt          |     8 |    17 |     9 ||    34
         Punch             |     1 |       |       ||     1
  Throw: Javelin           |     5 |     1 |       ||     6
 Invoke: Berserk           |       |     1 |     1 ||     2
 Armour: Animal skin       |     3 |       |       ||     3
         Leather armour    |     1 |    26 |    16 ||    43
  Dodge: Dodged            |    23 |    59 |    50 ||   132

Table legend: (Time is in decaauts)
 A = Elapsed time spent in this place.
 B = Non-inter-level travel time spent in this place.
 C = Inter-level travel time spent in this place.
 D = Time resting spent in this place.
 E = Time spent auto-exploring this place.
 F = Levels seen in this place.
 G = Mean time per level.
                   A        B        C        D        E       F      G
               +--------+--------+--------+--------+--------+-----+--------+
         Total |   3849 |   3655 |    194 |    117 |   2982 |   5 |  769.8 |
       Dungeon |   3849 |   3655 |    194 |    117 |   2982 |   5 |  769.8 |
               +--------+--------+--------+--------+--------+-----+--------+

Top non-repeatable levels by time:
     D:1: 1241 daAuts
     D:3: 1011 daAuts
     D:4: 747 daAuts
     D:2: 672 daAuts
     D:5: 176 daAuts
